 Dungeon Crawl Stone Soup version 0.32-a0-135-g14f8b2e1af (webtiles) character file.

Game seed: 2155655522352880478

4957 Dirtsage the Mimic (level 10, 0/60 HPs)
             Began as an Octopode Shapeshifter on Feb 10, 2024.
             Was a Priest of Wu Jian.
             Slain by an acid dragon (9 damage)
             ... on level 9 of the Dungeon.
             The game lasted 00:16:11 (7255 turns).

Dirtsage the Mimic (Octopode Shapeshifter)          Turns: 7255, Time: 00:16:12

Health: 0/60       AC:  5    Str: 24    XL:     10   Next: 53%
Magic:  10/10      EV: 10    Int: 13    God:    Wu Jian [***...]
Gold:   520        SH:  0    Dex: 21    Spells: 9/9 levels left

rFire   + +          .
                       - Unarmed
rCold   x . .        (shield currently unavailable)
rNeg    . . .        (helmet currently unavailable)
rPois   +            h - amulet of faith
rElec   .            W - ring of wizardry
rCorr   .            x - +4 ring of slaying
SInv    .            C - +6 ring of dexterity
Will    .....        (no ring)
Stlth   ++           (no ring)
HPRegen 0.30/turn    (no ring)
MPRegen 0.12/turn    (no ring)
                     (no ring)

%: faith, wizardry (x1)
@: dragon-form, corroded, flying
A: dragon claw, dragon scales, breathe fire, flying, reduced hp, almost no
armour, amphibious, 8 rings, giant, (camouflage 1), (gelatinous body 1), (nimble
swimmer 1), (tentacles)
a: Breathe Fire, Begin Untransformation, Renounce Religion, Wall Jump, Serpent's
Lash


You were on level 9 of the Dungeon.
You worshipped Wu Jian.
Wu Jian was most pleased with you.
You were a fearsome dragon!
You visited 2 branches of the dungeon, and saw 10 of its levels.

You collected 520 gold pieces.

Inventory:

Missiles
 e - a curare-tipped dart (quivered)
Jewellery
 h - an amulet of faith (around neck)
 x - a +4 ring of slaying (right foreclaw)
 C - a +6 ring of dexterity (on tentacle)
 W - a ring of wizardry (left foreclaw)
Talismans
 b - a dragon-blood talisman (active)
 c - a flux talisman
 H - a maw talisman
Wands
 w - a wand of mindburst (4)
 D - a wand of digging (4)
 G - a wand of charming (6)
 J - a wand of flame (25)
Scrolls
 d - a scroll of poison
 g - a scroll of fear
 m - a scroll of silence
 n - a scroll of revelation
 r - a scroll of vulnerability
 s - 2 scrolls of enchant armour
 t - 2 scrolls of teleportation
 u - 3 scrolls of noise
 y - a scroll of immolation
 B - a scroll of blinking
 E - a scroll of amnesia
 K - a scroll of torment
Potions
 a - a potion of lignification
 f - 2 potions of attraction {unknown}
 j - 2 potions of heal wounds {unknown}
 k - 2 potions of berserk rage {unknown}
 l - a potion of degeneration {unknown}
 p - 4 potions of haste {unknown}
 q - a potion of ambrosia {unknown}
 v - a potion of brilliance {unknown}
 z - 2 potions of might {unknown}
 A - 2 potions of curing {unknown}
 F - a potion of magic


   Skills:
 + Level 4.7 Fighting
 + Level 5.0 Dodging
 + Level 5.5 Unarmed Combat
 * Level 12.1 Shapeshifting


You had 9 spell levels left.
You didn't know any spells.
Your spell library contained the following spells:

 Spells                   Type           Power      Damage    Failure   Level
 Hailstorm                Conj/Ice       0%         3d5       34%         3
 Summon Ice Beast         Ice/Summ       0%         N/A       34%         3
 Sculpt Simulacrum        Ice/Alch       0%         N/A       100%        6


Dungeon Overview and Level Annotations

Branches:
Dungeon (9/15)             Temple (1/1) D:4
   Lair: D:8-11         Orc: D:9-12

Altars:
Ashenzari
Cheibriados
Dithmenos
Elyvilon
Fedhas
Gozag
Hepliaklqana
Kikubaaqudgha
Makhleb
Nemelex Xobeh
Okawaru
Qazlal
Ru
Sif Muna
Uskayaw
Vehumet
Wu Jian
Xom
Yredelemnul
Zin
The Shining One

Shops:
D:2 :   D:8 *   D:9 *

Portals:
Abyss: D:3

Annotations:
D:3 2 transporters, Azdean's ghost, amateur DEAE


Innate Abilities, Weirdness & Mutations

You are a fearsome dragon!
You have a powerful clawing attack.
Your giant scaled body is strong and resilient, but less evasive.
You can breathe fire.
You are flying.
Your maximum health is decreased, since you lack skill for your form.
Your armour is entirely melded.
You are incapable of wielding weapons or throwing items.
You cannot wear most types of armour.
You are amphibious.
You can wear up to eight rings at the same time.
((Your skin changes colour to match your surroundings (Stealth+).))
((Your rubbery body absorbs attacks. (AC +1, EV +1)))
((You are camouflaged when in or above water. (Stealth+)))
((You have tentacles for arms and can constrict up to eight enemies at once.))


Message History

You take 2 damage, and have 54/59 hp.
Things that are here:
a +0 spear; a gnoll corpse You bite the gnoll!!
You kill the gnoll!
The Council accepts your kill.
You lunge at the gnoll.
You barely miss the gnoll. The gnoll hits you with a +0 flail!
The gnoll sergeant hits you but does no damage.
Items here: )) ††.
You take 7 damage, and have 48/59 hp.
You completely miss the gnoll. The gnoll hits you with a +0 flail.
The gnoll sergeant barely misses you.
You take 4 damage, and have 44/59 hp.
You bite the gnoll!!
You kill the gnoll!
The Council accepts your kill. The gnoll sergeant closely misses you.
You lunge at the gnoll sergeant.
The gnoll sergeant blocks your attack.
You tail-slap the gnoll sergeant, but do no damage.
The gnoll sergeant hits you with a +4 vampiric trident!
Things that are here:
a +0 flail; a +0 flail You take 13 damage, and have 32/60 hp.
MASSIVE DAMAGE!!
You completely miss the gnoll sergeant. You bite the gnoll sergeant!
The gnoll sergeant is moderately wounded.
The gnoll sergeant barely misses you.
You bite the gnoll sergeant!!
You kill the gnoll sergeant!
The Council accepts your kill.
You barely miss the acid dragon. The acid dragon spits acid at you.
The splash of acid hits you!!
* * * LOW HITPOINT WARNING * * *
The acid corrodes you!
You take 23 damage, and have 9/60 hp.
MASSIVE DAMAGE!!
You claw the acid dragon! Your bite misses the acid dragon.
The acid dragon is heavily wounded.
The acid dragon bites you!
You die...

##' #.. #.. #.. ####### #####
#.....# # #...#####.#.#.#
#####.####..............
......DD)....#######'##.
#####.####...#........#. #
#...#........#.
###.#........#. #.#........#.
#.#........#.
##########.#........#(
......#
...........#........#.
.#...###########..#........#.


You could see an acid dragon (catching breath).

Vanquished Creatures
  A hornet (D:8)
  5 yaks (D:8)
  2 wyverns
  4 steam dragons
  2 water moccasins
  Pargi (D:4)
  Duvessa (D:7)
  2 black bears (D:4)
  A sky beast (D:6)
  An orc warrior (D:8)
  An ice beast (D:7)
  A centaur (D:8)
  4 ogres
  A phantom (D:4)
  Blork the orc (D:5)
  A kobold brigand (D:6)
  4 scorpions
  2 bullfrogs (D:8)
  A gnoll sergeant (D:9)
  4 wights (D:6)
  Dowan (D:7)
  4 killer bees (D:7)
  A howler monkey (D:3)
  2 hounds
  4 orc priests
  2 jellies
  A gnoll bouda (D:6)
  2 sleepcaps
  4 orc wizards
  2 iguanas (D:6)
  Robin (D:4)
  15 gnolls
  9 adders
  2 shadow imps
  A white imp (D:7)
  4 ufetubi
  3 ribbon worms
  2 dart slugs
  15 orcs
  6 endoplasms
  5 giant cockroaches
  14 goblins
  9 hobgoblins
  A jackal (D:2)
  5 quokkas
  8 ball pythons
  4 bats
  4 frilled lizards
  10 kobolds
  6 rats
187 creatures vanquished.

Notes
Turn   | Place    | Note
-------+----------+-------------------------------------------
     0 | D:1      | Dirtsage the Octopode Shapeshifter began the quest for the
                  | Orb.
     0 | D:1      | Reached XP level 1. HP: 13/13 MP: 1/1
     3 | D:1      | Noticed an electric eel
     4 | D:1      | Noticed an electric eel
   135 | D:1      | Reached XP level 2. HP: 17/18 MP: 2/2
   366 | D:1      | Reached XP level 3. HP: 21/23 MP: 3/3
   748 | D:2      | Found Cothuxt's Book Shop.
   807 | D:2      | Reached XP level 4. HP: 19/29 MP: 4/4
  1526 | D:3      | Found a transporter.
  1529 | D:3      | Noticed a small abomination
  1561 | D:3      | Reached skill level 4 in Shapeshifting
  1673 | D:3      | Reached XP level 5. HP: 34/34 MP: 5/5
  1850 | D:3      | Found an ancient bone altar of Kikubaaqudgha.
  1976 | D:3      | Found a transporter.
  1976 | D:3      | Found a one-way gate to the infinite horrors of the Abyss.
  1976 | D:3      | Noticed Azdean's ghost (amateur DEAE)
  1976 | D:3      | Noticed a kobold brigand
  2109 | D:3      | Found a hide-covered altar of Uskayaw.
  2318 | D:3      | Noticed a small abomination
  2441 | D:4      | Noticed Pargi
  2447 | D:4      | Killed Pargi
  2448 | D:4      | Reached XP level 6. HP: 39/41 MP: 6/6
  2458 | D:4      | Noticed a black bear
  2463 | D:4      | Killed a black bear
  2478 | D:4      | Reached skill level 5 in Shapeshifting
  2478 | D:4      | Reached XP level 7. HP: 39/46 MP: 7/7
  2589 | D:4      | Identified the +0 helmet of the Quests {Slay+2}
  2589 | D:4      | Noticed Robin
  2594 | D:4      | Killed Robin
  2915 | D:4      | Found a staircase to the Ecumenical Temple.
  2924 | Temple   | Entered the Ecumenical Temple
  2940 | Temple   | Became a worshipper of the Wu Jian Council
  3395 | D:5      | Entered Level 5 of the Dungeon
  3699 | D:5      | Noticed Blork the orc
  3710 | D:5      | Killed Blork the orc
  3711 | D:5      | Reached skill level 6 in Shapeshifting
  3711 | D:5      | Reached XP level 8. HP: 54/54 MP: 8/8
  3764 | D:5      | Found a hazy altar of Hepliaklqana.
  3931 | D:5      | Found a stormy altar of Qazlal.
  4113 | D:5      | Reached skill level 7 in Shapeshifting
  4274 | D:6      | Reached * piety under Wu Jian
  4275 | D:6      | Reached skill level 8 in Shapeshifting
  4445 | D:6      | Found a basalt altar of Yredelemnul.
  4484 | D:6      | Found a white marble altar of Elyvilon.
  4621 | D:6      | Reached XP level 9. HP: 55/58 MP: 9/9
  4691 | D:6      | Reached skill level 9 in Shapeshifting
  4816 | D:6      | Reached ** piety under Wu Jian
  5190 | D:7      | Reached skill level 10 in Shapeshifting
  5334 | D:7      | Noticed Duvessa
  5341 | D:7      | Killed Duvessa
  5342 | D:7      | Noticed Dowan
  5351 | D:7      | Killed Dowan
  5544 | D:7      | Noticed an angel
  5545 | D:7      | Found a glowing silver altar of Zin.
  5595 | D:7      | Reached skill level 11 in Shapeshifting
  6035 | D:7      | Reached XP level 10. HP: 49/63 MP: 10/10
  6306 | D:8      | Found a shimmering blue altar of Sif Muna.
  6407 | D:8      | Reached skill level 5 in Unarmed Combat
  6513 | D:8      | Found a shadowy altar of Dithmenos.
  6520 | D:8      | Reached *** piety under Wu Jian
  6723 | D:8      | Found Zawunwod's CLEARANCE SALE!.
  6787 | D:8      | Reached skill level 12 in Shapeshifting
  6960 | D:8      | Found an opulent altar of Gozag.
  7057 | D:9      | Reached skill level 5 in Dodging
  7071 | D:9      | Found a shimmering altar of Xom.
  7093 | D:9      | Found Gyghaut's Fire Supplies.
  7255 | D:9      | Slain by an acid dragon

Illustrated notes

Levels and vault maps discovered:
D:1:      arrival_aquarium_b, layout_rooms, minmay_crystal_room,
          minmay_misc_feat_cross
D:2:      minmay_diamond_boxcup, layout_loops_ring, serial_shops,
          nicolae_shop_stone
D:3:      layout_loops_ring, nicolae_uskayaw_suspiria,
          mainiacjoe_overflow_alcove_1, gammafunk_ghost_abyssal_escape,
          minmay_diced_spiral
D:4:      nicolae_cairo_tiling, layout_loops_ring,
          minmay_temple_entry_glassed_door, dk_rats_in_the_wall, uniq_robin,
          uniq_pargi
D:5:      layout_rooms, amcnicky_altar_gilded, grunt_qazlal_sundering,
          nicolae_zig_zag_zippers, uniq_blork_the_orc
D:6:      layout_gridville, overflow_temple_1_default,
          mainiacjoe_overflow_cross_hatched
D:7:      cheibrodos_steamvent, layout_basic, zin_angel, serial_curves,
          eino_curves_03, eino_curves_01, eino_curves_01, eino_curves_04,
          uniq_duvessa
D:8:      layout_basic, mainiacjoe_overflow_concentric_impassable,
          nicolae_overflow_crystal_walls,
          nicolae_gozag_cash_rules_everything_around_me, nicolae_shop_clearance
D:9:      layout_basic, lemuel_round_altar, mainiacjoe_overflow_tiny_flanked,
          eino_tiny_chamber, minivault_25, nicolae_shop_fire_sale
          [nicolae_sub_dead_trees], nrook_loot_triangle, due_unseen_surprise
Temple:   hellmonk_temple_rainy

Skill      XL: |  1  2  3  4  5  6  7  8  9 10 |
---------------+-------------------------------+-----
Fighting       | 2 3 4 |  4.7
Shapeshifting  | 4 5 6 8 11 12 | 12.1
Dodging        | 3 4 5 |  5.0
Unarmed Combat | 4 5 |  5.5

Action                     |  1- 3 |  4- 6 |  7- 9 | 10-12 || total
---------------------------+-------+-------+-------+-------++-------
  Melee: Unarmed           |    71 |    87 |   197 |    67 ||   422
         Tentacles         |    20 |    17 |    53 |       ||    90
         Constrict         |    16 |    19 |    49 |       ||    84
         Punch             |     1 |     6 |    18 |     6 ||    31
         Tailslap          |       |       |     3 |     5 ||     8
         Bite              |       |       |     2 |     7 ||     9
  Throw: Dart              |       |     4 |     8 |       ||    12
Ability: Lunge             |       |       |    40 |    10 ||    50
         Whirlwind         |       |       |     2 |     1 ||     3
  Evoke: Wand              |       |       |     1 |       ||     1
    Use: Scroll            |       |       |       |    13 ||    13
   Stab: Sleeping          |     3 |     9 |     5 |     1 ||    18
         Distracted        |       |     1 |       |       ||     1
 Armour: Skin              |    17 |    29 |    54 |    38 ||   138
  Dodge: Dodged            |    46 |    43 |    89 |    26 ||   204
   Form: Dragon            |       |       |     1 |       ||     1

Table legend: (Time is in decaauts)
 A = Elapsed time spent in this place.
 B = Non-inter-level travel time spent in this place.
 C = Inter-level travel time spent in this place.
 D = Time resting spent in this place.
 E = Time spent auto-exploring this place.
 F = Levels seen in this place.
 G = Mean time per level.
                   A        B        C        D        E       F      G
               +--------+--------+--------+--------+--------+-----+--------+
         Total |   7225 |   7013 |    212 |      2 |   5748 |  10 |  722.5 |
       Dungeon |   7196 |   6991 |    205 |      2 |   5748 |   9 |  799.6 |
        Temple |     29 |     22 |      7 |      0 |      0 |   1 |   29.0 |
               +--------+--------+--------+--------+--------+-----+--------+

Top non-repeatable levels by time:
     D:7: 1125 daAuts
     D:4: 964 daAuts
     D:2: 938 daAuts
     D:3: 932 daAuts
     D:6: 926 daAuts
     D:5: 799 daAuts
     D:8: 777 daAuts
     D:1: 515 daAuts
     D:9: 216 daAuts
  Temple: 29 daAuts
